 Dungeon Crawl Stone Soup version 0.29.1-2-gbd0b4ee654 (webtiles) character file.

Game seed: 17608550815782391147

3811 H0rd4k the Ruffian (level 10, 0/69 HPs)
             Began as an Octopode Artificer on Nov 22, 2022.
             Was an Initiate of Gozag.
             Slain by a troll (7 damage)
             ... on level 9 of the Dungeon.
             The game lasted 00:17:33 (11252 turns).

H0rd4k the Ruffian (Octopode Artificer)            Turns: 11252, Time: 00:17:33

Health: 0/69       AC:  1    Str: 13    XL:     10   Next: 17%
Magic:  16/17      EV: 17    Int: 17    God:    Gozag
Gold:   581        SH:  0    Dex: 15    Spells: 12/19 levels left

rFire   . . .      SeeInvis +   b - +10 arbalest of Frustration {flame, Dex+3}
rCold   + . .      Faith    .   (shield currently unavailable)
rNeg    . . .      Spirit   .   (helmet restricted)
rPois   +          Reflect  .   (no amulet)
rElec   .          Harm     .   q - +4 ring of evasion
rCorr   .          Rampage  .   r - ring of poison resistance
Will    .....                   z - ring of see invisible
Stlth   +++.......              A - ring of protection from cold
HPRegen 0.21/turn               (no ring)
MPRegen 0.15/turn               (no ring)
                                (no ring)
                                (no ring)

@: no status effects
A: almost no armour, amphibious, 8 rings, camouflage 1, gelatinous body 1,
(nimble swimmer 1), tentacles
a: Renounce Religion, Potion Petition, Call Merchant, Bribe Branch


You were on level 9 of the Dungeon.
You worshipped Gozag.
Gozag was pleased with you.
You visited 1 branch of the dungeon, and saw 9 of its levels.

You collected 717 gold pieces.
You paid 136 gold pieces to Gozag.

Inventory:

Hand Weapons
 b - the +10 arbalest of Frustration (weapon) {flame, Dex+3}
   (You found it on level 7 of the Dungeon)

   Any ammunition fired from it burns those it strikes, dealing additional fire
   damage.
   Dex:       It affects your dexterity (+3).
Missiles
 x - 13 poisoned darts
Jewellery
 q - a +4 ring of evasion (left tentacle)
 r - a ring of poison resistance (right tentacle)
 z - a ring of see invisible (on tentacle)
 A - a ring of protection from cold (on tentacle)
Wands
 c - a wand of flame (30)
 d - a wand of iceblast (5)
 s - a wand of mindburst (14)
Scrolls
 f - a scroll of vulnerability {unknown}
 i - 5 scrolls of teleportation
 k - 2 scrolls of magic mapping {unknown}
 m - 2 scrolls of brand weapon {unknown}
 o - a scroll of acquirement {unknown}
 u - a scroll of summoning {unknown}
 y - 2 scrolls of enchant weapon {unknown}
 B - a scroll of enchant armour {unknown}
 C - a scroll of identify
Potions
 a - 3 potions of mutation
 e - a potion of flight {unknown}
 g - 2 potions of lignification
 h - 4 potions of degeneration
 j - 4 potions of might
 l - 2 potions of haste
 n - 4 potions of curing {unknown}
 t - 2 potions of heal wounds {unknown}
 v - a potion of resistance {unknown}
 w - 2 potions of brilliance {unknown}
Miscellaneous
 p - a phial of floods


   Skills:
 + Level 6.5 Fighting
 * Level 6.8 Ranged Weapons
 - Level 2.3 Dodging
 - Level 1.3 Stealth
 + Level 7.9 Unarmed Combat
 * Level 5.1 Spellcasting
 + Level 4.0 Summonings
 - Level 3.2 Evocations


You had 12 spell levels left.
You knew the following spells:

 Your Spells              Type           Power      Damage    Failure   Level
a - Summon Small Mammal   Summ           68%        N/A       2%          1
b - Call Canine Familiar  Summ           17%        N/A       9%          3
c - Summon Guardian Gole  Hex/Summ       11%        N/A       19%         3

Your spell library contained the following spells:

 Spells                   Type           Power      Damage    Failure   Level
 Static Discharge         Conj/Air       4%         3-4/arc   22%         2
 Sublimation of Blood     Necr           4%         N/A       22%         2
 Wereblood                Tmut           4%         N/A       22%         2
 Gell's Gravitas          Tloc           4%         N/A       38%         3
 Teleport Other           Tloc           4%         N/A       38%         3
 Lightning Bolt           Conj/Air       2%         1d13      98%         5
 Dispersal                Tloc           2%         N/A       100%        6
 Summon Hydra             Summ           8%         N/A       100%        7
 Maxwell's Capacitive Co  Air            2%         ∞         100%        8


Dungeon Overview and Level Annotations

Branches:
Dungeon (9/15)             Temple (0/1) D:7            Lair (0/5) D:8
    Orc: D:9-12

Altars:
Ashenzari
Gozag
Hepliaklqana
Makhleb
Okawaru
Trog
Vehumet

Shops:
D:7 :   D:8 *

Annotations:
D:6 exclusion: downstairs
D:7 exclusion: downstairs, Maggie
D:8 Amaemon
D:9 exclusion: upstairs


Innate Abilities, Weirdness & Mutations

You cannot wear most types of armour.
You are amphibious.
You can wear up to eight rings at the same time.
Your skin changes colour to match your surroundings (Stealth+).
Your rubbery body absorbs attacks. (AC +1, EV +1)
((You are camouflaged when in or above water. (Stealth+)))
You have tentacles for arms and can constrict up to eight enemies at once.


Message History

Casting: Call Canine Familiar (dangerous; 9% risk of failure)
Confirm with . or Enter, or press ? or * to list all spells.
What are your orders? t - Shout!
Orders for allies: a - Attack new target. r - Retreat! s - Stop attacking. g - Guard the area. f - Follow me.
Anything else - Cancel.
Guard this area!
The troll shouts!
The troll bites your hound! The troll claws your hound.
Your hound dies!
Your hound's corpse disappears in a puff of smoke!
You shoot a bolt. The bolt hits the troll!!
The bolt burns the troll.
The troll is severely wounded.
You shoot a bolt. The bolt closely misses the troll.
A yak comes into view.
You shoot a bolt. The bolt closely misses the troll.
A troll comes into view.
You shoot a bolt. The bolt closely misses the troll.
The bolt completely misses the yak.
The troll completely misses you. The troll claws you!
The troll barely misses you.
You shoot a bolt. The bolt barely misses the troll.
The bolt hits the yak!!
The bolt burns the yak.
The yak is heavily wounded.
The troll bites you. The troll misses you. The troll claws you.
The yak gores you. The troll misses you. The troll claws you.
The troll closely misses you. The yak attacks as you move away!
The yak barely misses you. The troll attacks as you move away!
The troll closely misses you. x3
You shoot a bolt. The bolt completely misses the troll.
The bolt hits the troll!
The bolt burns the troll.
The troll is heavily wounded.
The troll bites you!! The troll claws you!
* * * LOW HITPOINT WARNING * * *
The troll claws you!
* * * LOW HITPOINT WARNING * * *
The troll attacks as you move away! The troll bites you!
You die...
Your body crumbles into a pile of gold.

... #..# ...
#..# ♣.♣
#..# ♣.♣
#..#
♣♣.♣♣#..#
♣.T.♣#..#
♣♣.♣♣#.)#
♣TY.♣#..#
♣♣@♣♣#..#
#♣...♣#).#
#.~~~....#
$#.~~~.....#
$$
#.~~~...#.#
#♣...♣#.###
♣♣.♣♣#.#
♣... #.#
♣♣.♣ #.#


You could see a yak and 2 trolls.

Vanquished Creatures
  Pikel (D:5)
  4 yaks (D:8)
  3 water moccasins
  3 orc warriors
  A sky beast (D:4)
  2 black bears
  3 ogres
  3 centaurs
  2 lemures
  A kobold brigand (D:9)
  A necrophage (D:7)
  A gnoll sergeant (D:7)
  3 bullfrogs
  A scorpion (D:6)
  3 wights (D:7)
  2 hounds
  3 jellies
  An orc priest (D:6)
  Natasha (twice) (D:4)
  An iguana (D:7)
  8 orc wizards
  10 adders
  6 gnolls
  2 white imps
  An ufetubus (D:5)
  A worm (D:2)
  A dart slug (D:4)
  23 orcs
  6 bats
  2 endoplasms (D:2)
  A giant cockroach (D:4)
  7 goblins
  7 hobgoblins
  8 quokkas
  6 ball pythons
  2 frilled lizards (D:2)
  6 kobolds
  6 rats
144 creatures vanquished.

Vanquished Creatures (collateral kills)
  A phantom (D:5)
  An orc priest (D:9)
  Natasha (D:4)
  An adder (D:5)
  4 orcs (D:5)
8 creatures vanquished.

Vanquished Creatures (others)
  A hound (D:5)
  3 orc priests
  A fungus (D:1)
5 creatures vanquished.

Grand Total: 157 creatures vanquished

Notes
Turn   | Place    | Note
-------+----------+-------------------------------------------
     0 | D:1      | H0rd4k the Octopode Artificer began the quest for the Orb.
     0 | D:1      | Reached XP level 1. HP: 13/13 MP: 1/1
    61 | D:1      | Found a faded altar of an unknown god.
   202 | D:1      | Reached XP level 2. HP: 18/18 MP: 2/2
   825 | D:1      | Reached skill level 1 in Spellcasting
  1753 | D:2      | Reached skill level 1 in Unarmed Combat
  1753 | D:2      | Reached XP level 3. HP: 10/24 MP: 3/5
  2469 | D:2      | Learned a level 1 spell: Summon Small Mammal
  2556 | D:3      | Reached XP level 4. HP: 17/30 MP: 6/6
  3243 | D:3      | Found a burning altar of Makhleb.
  3511 | D:4      | You fall into a shaft and drop 1 floor!
  3511 | D:5      | Entered Level 5 of the Dungeon
  3573 | D:5      | Noticed a water moccasin
  3593 | D:5      | Noticed a phantom
  3595 | D:5      | Noticed a black bear
  3608 | D:5      | Killed a phantom
  3609 | D:5      | Reached skill level 2 in Unarmed Combat
  3609 | D:5      | Reached skill level 1 in Summonings
  3609 | D:5      | Reached XP level 5. HP: 5/36 MP: 6/8
  3643 | D:5      | Killed a black bear
  3954 | D:5      | Found a broken altar of Ashenzari.
  4226 | D:5      | Reached skill level 3 in Unarmed Combat
  4226 | D:5      | Reached XP level 6. HP: 36/42 MP: 9/9
  4590 | D:5      | Identified the +3 robe of Maumel {rC+ Str-3 Dex+2 Slay+2}
  4629 | D:5      | Noticed an orc warrior
  4777 | D:5      | Killed an orc warrior
  4778 | D:5      | Reached skill level 4 in Unarmed Combat
  4778 | D:5      | Reached XP level 7. HP: 48/48 MP: 9/11
  4780 | D:5      | Noticed Pikel
  4793 | D:4      | Noticed Natasha
  4793 | D:4      | Found a radiant altar of Vehumet.
  4813 | D:4      | Killed Natasha
  4847 | D:4      | Noticed Natasha
  4855 | D:4      | Killed Natasha
  5113 | D:4      | Noticed Natasha
  5122 | D:4      | Killed Natasha
  5548 | D:4      | Found a hazy altar of Hepliaklqana.
  5885 | D:6      | Reached skill level 5 in Unarmed Combat
  5893 | D:6      | Reached XP level 8. HP: 27/54 MP: 12/12
  6370 | D:6      | Reached skill level 5 in Fighting
  6517 | D:6      | Reached skill level 6 in Unarmed Combat
  6969 | D:6      | Found an iron altar of Okawaru.
  7048 | D:6      | Learned a level 3 spell: Call Canine Familiar
  7053 | D:6      | Learned a level 3 spell: Summon Guardian Golem
  7288 | D:7      | Identified the +10 arbalest of Frustration {flame, Dex+3}
  7442 | D:7      | Noticed Maggie
  7469 | D:7      | Found Orroulan's Book Emporium.
  7594 | D:7      | Found an opulent altar of Gozag.
  7605 | D:7      | Became a worshipper of Gozag Ym Sagoz the Greedy
  7774 | D:7      | Reached skill level 7 in Unarmed Combat
  7953 | D:7      | Reached XP level 9. HP: 34/62 MP: 13/15
  8209 | D:7      | Found a staircase to the Ecumenical Temple.
  8211 | D:7      | Reached skill level 1 in Ranged Weapons
  8606 | D:8      | Noticed a death yak
  8724 | D:8      | Identified the +4 rapier "Yteu" {flame, Drain +Blink Str+4
                  | Dex+5}
  8886 | D:8      | Found a bloodstained altar of Trog.
  8923 | D:8      | Found Xoegeeni's Serpentskin Sales.
  9056 | D:8      | Noticed a death yak
  9056 | D:8      | Noticed a death yak
  9056 | D:8      | Noticed Amaemon
  9058 | D:8      | Noticed an orange demon
  9171 | D:8      | Found a staircase to the Lair.
  9625 | D:5      | Reached skill level 5 in Ranged Weapons
 10139 | D:5      | Killed Pikel
 10140 | D:5      | Reached XP level 10. HP: 31/69 MP: 14/17
 11192 | D:9      | Reached skill level 5 in Spellcasting
 11252 | D:9      | Slain by a troll

Illustrated notes

Levels and vault maps discovered:
D:1:      heliophobic_arrival_battle_scene, layout_loops_corners,
          dreamdust_ecumenical_altar_grove, minmay_split_cup_small
D:2:      layout_rooms, glass_columns_a
D:3:      layout_rooms, lightli_temple_of_fire
D:4:      layout_rooms, mainiacjoe_overflow_tiny_flanked,
          general_overflow_altar, gup_sewer_entry_spiral,
          hangedman_decor_lopped, dk_noncrumbling_2, moated_statue, uniq_natasha
D:5:      layout_loops_ring, ashenzari_conservatory_becter, chequers_garden,
          grunt_ministairs_4, uniq_pikel
D:6:      layout_loops_ring, okawaru_altar_gauntlet_db, moated_statue
D:7:      layout_basic, pf_just_have_faith, minmay_temple_entry_fiery,
          serial_shops, nicolae_shop_temple_entry_statues_fountains, uniq_maggie
D:8:      layout_rooms, trog_book, dpeg_lair_monsters, guppyfry_shop_venom,
          uniq_amaemon
D:9:      nzn_winding_woodlands_medium [nzn_winding_woodlands_5x5_open_star,
          nzn_winding_woodlands_5x15_pool, nzn_winding_woodlands_hourglass,
          nzn_winding_woodlands_5x5_cross,
          nzn_winding_woodlands_center_pierced_h,
          nzn_winding_woodlands_5x5_checkerboard,
          nzn_winding_woodlands_5x5_three, nzn_winding_woodlands_5x15_twine,
          nzn_winding_woodlands_5x5_perimeter], layout_rooms,
          nicolae_tso_carved_into_rock, kennysheep_slug_shrine,
          gammafunk_temple_overflow_arena, minmay_orc_entry_temple_small

Skill      XL: |  1  2  3  4  5  6  7  8  9 10 |
---------------+-------------------------------+-----
Spellcasting   | 1 2 3 4 5 |  5.1
Fighting       | 2 3 4 5 6 |  6.5
Unarmed Combat | 1 2 3 4 5 7 |  7.9
Summonings     | 1 2 3 4 |  4.0
Ranged Weapons | 6 |  6.8
Dodging        | |  2.3
Stealth        | |  1.3
Evocations     | |  3.2

Action                   |  1- 3 |  4- 6 |  7- 9 | 10-12 || total
-------------------------+-------+-------+-------+-------++-------
Melee: Unarmed           |    95 |    73 |   145 |       ||   313
       Tentacles         |    17 |    19 |    42 |       ||    78
       Constrict         |    18 |    17 |    37 |       ||    72
       Punch             |     1 |     4 |    10 |       ||    15
 Fire: Arbalest          |       |       |    68 |    22 ||    90
 Cast: Summon Small Mamm |       |       |     6 |       ||     6
       Call Canine Famil |       |       |     2 |     7 ||     9
Evoke: Wand              |     1 |    22 |    18 |       ||    41
  Use: Scroll            |       |       |     7 |     2 ||     9
 Stab: Sleeping          |    11 |     3 |     9 |       ||    23
Armor: Skin              |     8 |     3 |     3 |     2 ||    16
Dodge: Dodged            |    49 |    52 |   152 |    22 ||   275
